 Dungeon Crawl Stone Soup version 0.30-a0-121-gb27577e5d9 (webtiles) character file.

Game seed: 1957360963121521271

121 ytrimaz the Insei (level 5, -2/33 HPs)
             Began as an Octopode Transmuter on Sept 14, 2022.
             Killed from afar by Ijyb (11 damage)
             ... with a puff of flame
             ... on level 3 of the Dungeon.
             The game lasted 00:03:25 (3417 turns).

ytrimaz the Insei (Octopode Transmuter)             Turns: 3417, Time: 00:03:26

Health: -2/33      AC:  2    Str:  9    XL:     5   Next: 5%
Magic:  5/8        EV: 19    Int: 18    God:
Gold:   174        SH:  0    Dex: 17    Spells: 2/8 levels left

rFire   . . .      SeeInvis .      - Unarmed
rCold   . . .      Faith    .    (shield currently unavailable)
rNeg    . . .      Spirit   .    (helmet currently unavailable)
rPois   x          Reflect  .    (no amulet)
rElec   .          Harm     .    (no ring)
rCorr   .          Rampage  .    (no ring)
Will    .....                    (no ring)
Stlth   ++........               (no ring)
HPRegen 0.11/turn                (no ring)
MPRegen 0.11/turn                (no ring)
                                 (no ring)
                                 (no ring)

@: spider-form
A: venomous fangs, almost no armour, (amphibious), 8 rings, tiny, (camouflage
1), (gelatinous body 1), (nimble swimmer 1), (tentacles)
a: End Transformation


You were on level 3 of the Dungeon.
You were a venomous arachnid creature.
You visited 1 branch of the dungeon, and saw 3 of its levels.

You collected 174 gold pieces.


Innate Abilities, Weirdness & Mutations

You are a venomous arachnid creature.
You have poisonous fangs.
You are tiny and dextrous.
Your spellcasting is less reliable in this form.
Your armour is entirely melded.
You are incapable of wielding weapons or throwing items.
You cannot wear most types of armour.
((You are amphibious.))
You can wear up to eight rings at the same time.
((Your skin changes colour to match your surroundings (Stealth+).))
((Your rubbery body absorbs attacks. (AC +1, EV +1)))
((You are camouflaged when in or above water. (Stealth+)))
((You have tentacles for arms and can constrict up to eight enemies at once.))


   Skills:
 - Level 1.0 Fighting
 - Level 2.0 Dodging
 + Level 4.9 Unarmed Combat
 - Level 2.0 Spellcasting
 - Level 2.0 Transmutations
 + Level 2.6 Poison Magic


You had 2 spell levels left.
You knew the following spells:

 Your Spells              Type           Power      Damage    Failure   Level
a - Beastly Appendage     Tmut           18%        N/A       21%         1
b - Wereblood             Tmut           9%         N/A       28%         2
c - Spider Form           Tmut/Pois      10%        N/A       41%         3

Your spell library contained the following spells:

 Spells                   Type           Power      Damage    Failure   Level
 Ice Form                 Ice/Tmut       5%         N/A       89%         4
 Borgnjor's Revivificati  Necr           0%         N/A       100%        8
 Necromutation            Tmut/Necr      2%         N/A       100%        8
 Death's Door             Necr           0%         N/A       100%        9

Inventory:

Scrolls
 f - 2 scrolls of amnesia
 g - a scroll of magic mapping
Potions
 a - 2 potions of lignification
 b - a potion of magic
 c - a potion of heal wounds {unknown}
 d - a potion of curing {unknown}
 e - a potion of berserk rage {unknown}

Dungeon Overview and Level Annotations

Branches:
Dungeon (3/15) Zot: 14590

Altars:
Hepliaklqana

Annotations:
D:3 Ijyb

###### #.#.#.# ..# #.
#..#####.#.#.## ..#
#####..#.............# ..#
#..##.##...####...#.## ..#####
#.........?.....#....# ###....
#...#.......?...#.#.##
.....#...#................#
###.....#...#.#..g......######
................s....>.. ...#.
##.....#.#.#.#.## ##.#.
#....#.#.#.#.#. #.
##....#.#.#.# #.##.....#.#.#.#
.#....#...#.#.#..
##.#..###...#.#.############
...#..###.....#.# #........#
.#.#.#.#.#.#.## ###.######.#


You could see Ijyb (extremely poisoned).


Message History

You squeeze the spectral goblin. The spectral goblin closely misses you.
The goblin hits you with a +0 dagger. 😕 HP[-2]
You take 2 damage, and now have 30/33 hp.
You tentacle-slap the spectral goblin. You squeeze the spectral goblin.
You destroy the spectral goblin!
The goblin closely misses you.
You tentacle-slap the goblin but do no damage.
Your grab misses the goblin.
The goblin barely misses you. 😕 HP[+1] Unknown command.
You closely miss the goblin. Your grab misses the goblin.
You squeeze the goblin.
You kill the goblin!
The rat closely misses you.
You tentacle-slap the rat. Your grab misses the rat. The rat misses you.
You closely miss the rat. You grab the rat. You constrict the rat.
You kill the rat!
No target in view!
Unknown command.
No target in view!
Unknown command.
There is an open door here.
A kobold comes into view. It is wielding a +0 short sword.
A hobgoblin comes into view. It is wielding a +0 sling. 😎 HP[+2]
Your hp is fully restored (33).
There are monsters nearby!
Unknown command.
There are monsters nearby!
There are monsters nearby!
The kobold hits you with a +0 short sword. 😕 HP[-2]
You take 2 damage, and now have 31/33 hp.
You closely miss the kobold. Your grab misses the kobold.
The kobold hits you with a +0 short sword. 😕 HP[-3]
You take 3 damage, and now have 28/33 hp.
You bludgeon the kobold!
You kill the kobold!
The hobgoblin shoots a sling bullet.
The sling bullet closely misses you.
The hobgoblin shoots a sling bullet.
The sling bullet hits you.
You see here a +0 short sword. 😕 HP[-2]
You take 2 damage, and now have 26/33 hp.
You tentacle-slap the hobgoblin. You grab the hobgoblin.
You squeeze the hobgoblin.
You kill the hobgoblin!
Unknown command.
No target in view!
f - 2 scrolls of amnesia (gained 1)
Items here: )) [ †.
No target in view!
Unknown command. 😕 HP[+1] No target in view!
Okay, then.
Key pressed, stopping explore.
Unknown command. 😕 HP[+5]
You regained 5 hp, and now have 32/33 hp.
You now have 174 gold pieces (gained 14).
Key pressed, stopping explore. 😎 HP[+1]
Your hp is fully restored (33).
Unknown command.
Ijyb is nearby!
Ijyb is nearby!
Casting: Beastly Appendage (safe; 8% risk of failure)
Confirm with . or Enter, or press ? or * to list all spells.
The spell is quite dangerous to miscast (21% risk of failure)!
Continue anyway?
You turn into a venomous arachnid creature. 😎 MP[-3]
You lost 3 mp, and now have 5/8 mp.
Unknown command.
Ijyb shouts!
Ijyb zaps a wand.
The puff of flame hits you! 😮 HP[-9]
You take 9 damage, and now have 24/33 hp.
MASSIVE DAMAGE!! (PAUSE) Ijyb zaps a wand.
The puff of flame misses you.
Ijyb zaps a wand.
The puff of flame hits you! 😮 HP[-7]
You take 7 damage, and now have 17/33 hp.
MASSIVE DAMAGE!! (PAUSE) Ijyb zaps a wand.
The puff of flame hits you!
* * * LOW HITPOINT WARNING * * *
😨 HP[-8]
You take 8 damage, and now have 9/33 hp.
MASSIVE DAMAGE!! (PAUSE)
You hit Ijyb.
Ijyb is poisoned.
Ijyb misses you.
Unknown command.
You hit Ijyb.
Ijyb looks as sick as possible!
Ijyb zaps a wand.
The puff of flame hits you!
You die...

Skill      XL: |  1  2  3  4 |
---------------+-------------+-----
Unarmed Combat | 4 |  4.9
Poison Magic   | 1 2 |  2.6
Fighting       | |  1.0
Dodging        | |  2.0
Spellcasting   | |  2.0
Transmutations | |  2.0

Action                   |  1- 3 |  4- 6 || total
-------------------------+-------+-------++-------
Melee: Unarmed           |    67 |    52 ||   119
       Constrict         |    21 |    12 ||    33
       Kick              |    17 |     9 ||    26
       Tentacles         |     9 |    11 ||    20
       Punch             |       |     1 ||     1
 Cast: Beastly Appendage |    11 |     9 ||    20
       Spider Form       |     2 |     1 ||     3
       Wereblood         |       |     2 ||     2
  Use: Scroll            |     4 |     3 ||     7
 Stab: Sleeping          |     1 |     3 ||     4
Armor: Skin              |     7 |     3 ||    10
Dodge: Dodged            |    63 |    30 ||    93

Levels and vault maps discovered:
D:1:      ldierk_walled_garden_2, layout_rooms,
          shapermc_ecumenical_altar_totnotflames, minivault_25
D:2:      layout_rooms
D:3:      layout_basic, nicolae_hepliaklqana_monster_ancestors, uniq_ijyb

Notes
Turn   | Place    | Note
-------+----------+-------------------------------------------
     0 | D:1      | ytrimaz the Octopode Transmuter began the quest for the
                  | Orb.
     0 | D:1      | Reached XP level 1. HP: 13/13 MP: 3/3
     0 | D:1      | magus.rc [v1.9.6]
    35 | D:1      | You fall into a shaft and drop 1 floor!
    55 | D:1      | HP: 2/13 [kobold/+0 dagger (2)]
   435 | D:1      | Found a faded altar of an unknown god.
   447 | D:1      | You add the spells Borgnjor's Revivification, Necromutation
                  | and Death's Door to your library.
   528 | D:1      | Reached XP level 2. HP: 15/18 MP: 3/5
   537 | D:1      | Learned a level 2 spell: Wereblood
   941 | D:1      | Reached skill level 4 in Unarmed Combat
   945 | D:1      | Reached XP level 3. HP: 14/23 MP: 6/6
   957 | D:1      | Learned a level 3 spell: Spider Form
  2197 | D:2      | Reached skill level 1 in Poison Magic
  2203 | D:2      | Reached XP level 4. HP: 24/28 MP: 4/7
  2506 | D:3      | Reached skill level 2 in Poison Magic
  2994 | D:3      | Noticed Ijyb
  3079 | D:3      | Reached XP level 5. HP: 28/33 MP: 6/8
  3284 | D:3      | Found a hazy altar of Hepliaklqana.
  3417 | D:3      | Killed from afar by Ijyb

Vanquished Creatures
  4 gnolls (D:2)
  2 adders (D:3)
  5 orcs (D:3)
  3 ball pythons
  4 endoplasms
  3 giant cockroaches (D:1)
  3 goblins (D:3)
  5 hobgoblins
  4 jackals (D:1)
  A quokka (D:1)
  7 bats
  4 frilled lizards
  7 kobolds
  5 rats
  A spectral goblin (D:3)
58 creatures vanquished.

Vanquished Creatures (others)
  4 toadstools (D:1)
4 creatures vanquished.

Grand Total: 62 creatures vanquished

Table legend:
 A = Non-vault XP
 B = Vault XP
 C = Vault XP percentage of total XP
 D = Non-vault monster count
 E = Vault monster count
 F = Vault count percentage of total count
                 A         B        C        D         E       F
            +---------+---------+-------+---------+---------+-------
      Total |     170 |       3 |   1.7 |      56 |       2 |   3.4
            +---------+---------+-------+---------+---------+-------
        D:1 |      42 |       0 |   0.0 |      25 |       0 |   0.0
        D:2 |      66 |       0 |   0.0 |      10 |       0 |   0.0
        D:3 |      62 |       3 |   4.6 |      21 |       2 |   8.7
            +---------+---------+-------+---------+---------+-------

Illustrated notes

Table legend:
 A = Kills in this place as a percentage of kills in entire the game.
 B = Kills by you in this place as a percentage of kills by you in the entire game.
 C = Kills by friends in this place as a percentage of kills by friends in the entire game.
 D = Other kills in this place as a percentage of other kills in the entire game.
 E = Experience gained in this place as a percentage of experience gained in the entire game.
 F = Experience gained in this place divided by the number of levels of this place that you have seen.
                   A       B       C       D       E      F
               +-------+-------+-------+-------+-------+----------------------
         Total | 100.0 | 100.0 |   N/A |   N/A | 100.0 |  57.7
       Dungeon | 100.0 | 100.0 |   N/A |   N/A | 100.0 |  57.7
               +-------+-------+-------+-------+-------+----------------------

Table legend: (Time is in decaauts)
 A = Elapsed time spent in this place.
 B = Non-inter-level travel time spent in this place.
 C = Inter-level travel time spent in this place.
 D = Time resting spent in this place.
 E = Time spent auto-exploring this place.
 F = Levels seen in this place.
 G = Mean time per level.
                   A        B        C        D        E       F      G
               +--------+--------+--------+--------+--------+-----+--------+
         Total |   3408 |   3360 |     48 |    257 |   2653 |   3 | 1136.0 |
       Dungeon |   3408 |   3360 |     48 |    257 |   2653 |   3 | 1136.0 |
               +--------+--------+--------+--------+--------+-----+--------+

Top non-repeatable levels by time:
     D:1: 1412 daAuts
     D:2: 1036 daAuts
     D:3: 960 daAuts
